 Dungeon Crawl Stone Soup version 0.30-a0-469-g84de5afbc5 (webtiles) character file.

Game seed: 15867549359503827999

86 Turgor the Chopper (level 4, -2/34 HPs)
             Began as a Demonspawn Gladiator on Dec 19, 2022.
             Splashed by a jelly's acid (8 damage)
             ... on level 2 of the Dungeon.
             The game lasted 00:05:55 (1057 turns).

Turgor the Chopper (Demonspawn Gladiator)           Turns: 1057, Time: 00:05:56

Health: -2/34      AC: -2    Str: 14    XL:     4   Next: 27%
Magic:  4/4        EV: 12    Int: 12    God:
Gold:   59         SH:  0    Dex: 14    Spells: 3/3 levels left

rFire   + . .      SeeInvis .    a - +0 war axe
rCold   . . .      Faith    .    (no shield)
rNeg    . . .      Spirit   .    b - +0 leather armour
rPois   .          Reflect  .    c - +0 helmet
rElec   .          Harm     .    (no cloak)
rCorr   .          Rampage  .    (no gloves)
Will    .....                    (no boots)
Stlth   +.........               f - amulet of regeneration
HPRegen 1.05/turn                o - ring of protection from fire
MPRegen 0.09/turn                (no ring)

@: corroded
A: yellow scales 1
a: no special abilities


You were on level 2 of the Dungeon.
You visited 1 branch of the dungeon, and saw 2 of its levels.

You collected 59 gold pieces.

Inventory:

Hand Weapons
 a - a +0 war axe (weapon)
 g - a +3 short sword
Missiles
 d - 3 throwing nets
 e - 3 javelins (quivered)
Armour
 b - a +0 leather armour (worn)
 c - a +0 helmet (worn)
Jewellery
 f - an amulet of regeneration (around neck)
 o - a ring of protection from fire (left hand)
Scrolls
 j - a scroll of immolation {unknown}
 k - 2 scrolls of poison {unknown}
 l - 2 scrolls of blinking {unknown}
 n - a scroll of magic mapping {unknown}
Potions
 h - a potion of invisibility {unknown}
 i - a potion of haste {unknown}
 m - a potion of curing {unknown}


   Skills:
 + Level 2.9 Fighting
 * Level 3.9 Axes
 - Level 2.0 Throwing
 - Level 3.0 Dodging


You had 3 spell levels left.
You didn't know any spells.
Your spell library contained the following spells:

 Spells                   Type           Power      Damage    Failure   Level
 Necrotise                Necr           0%         1d4       38%         1
 Vampiric Draining        Necr           0%         2d6       77%         3
 Agony                    Necr           0%         N/A       100%        5


Dungeon Overview and Level Annotations

Branches:
Dungeon (2/15)

Altars:


Innate Abilities, Weirdness & Mutations

You are partially covered in yellow scales. (AC +2)


Message History

You hit the endoplasm.
You kill the endoplasm!
You slash the endoplasm!
You kill the endoplasm! 2 endoplasms and a jelly come into view.
Found four items.
There is an open door here.
The endoplasm quivers.
There is an open door here.
You hit the jelly.
Your hands burn!
The jelly is lightly wounded.
The jelly hits you.
You are splashed with acid.
You barely miss the jelly.
The jelly is lightly wounded.
The jelly hits you but does no damage.
You slash the jelly! The acid corrodes you!
Your hands burn!
The jelly is heavily wounded.
The jelly hits you.
You are splashed with acid!
You are too injured to fight recklessly!
You are too injured to fight recklessly!
Okay, then.
Throw: 5 javelins
Press: ? - help, Q - select action, (/) - cycle Shift-Dir - straight line, f - endoplasm
Aim: an endoplasm (86% to hit)
You throw a javelin. The javelin barely misses the jelly.
The javelin barely misses the endoplasm.
The jelly hits you. The acid corrodes you!
You are splashed with acid!
* * * LOW HITPOINT WARNING * * *
The jelly jiggles.
The jelly barely misses you.
Throw: 4 javelins
Press: ? - help, Q - select action, (/) - cycle Shift-Dir - straight line, f/p - endoplasm
Aim: an endoplasm (86% to hit)
You throw a javelin. The javelin pierces through the jelly.
The jelly is severely wounded.
The javelin pierces through the endoplasm but does no damage.
The jelly hits you.
* * * LOW HITPOINT WARNING * * *
You are splashed with acid!
You die...

....#
###########
####...#
....#
#...÷.PJP[#
#.......
....#
#.....P.P÷#
#.#####.
#####
#...P.P...#
#.#....<
####
#(...÷÷..÷#
#.##.###
...#
#.....P.P.#
#.#.....
...#####
#.J.J.....#
#.##.###
.......#
##J########
#.######
.......#
##@)....##
#.......
.......#
########.#
########
.......#
#....'..##
#......#
#....####
#......##
#.......#
#.......#
#.......#
#######.##
#.......#
#..###
#.......#
##...#
##.....##


You could see a jelly and an endoplasm.

Vanquished Creatures
  3 adders (D:2)
  2 dart slugs (D:1)
  2 ball pythons (D:1)
  8 endoplasms
  2 giant cockroaches
  4 goblins
  4 hobgoblins
  3 quokkas
  3 bats
  14 kobolds
  7 rats
52 creatures vanquished.

Vanquished Creatures (others)
  7 fungi (D:2)
  4 plants (D:2)
  7 toadstools (D:2)
18 creatures vanquished.

Grand Total: 70 creatures vanquished

Notes
Turn   | Place    | Note
-------+----------+-------------------------------------------
     0 | D:1      | Turgor the Demonspawn Gladiator began the quest for the
                  | Orb.
     0 | D:1      | Reached XP level 1. HP: 16/16 MP: 1/1
   167 | D:1      | Gained mutation: You are partially covered in yellow
                  | scales. (AC +2) [demonic ancestry]
   167 | D:1      | Reached XP level 2. HP: 22/22 MP: 2/2
   333 | D:1      | Reached XP level 3. HP: 28/28 MP: 3/3
   925 | D:2      | Reached XP level 4. HP: 34/34 MP: 4/4
  1057 | D:2      | Splashed by a jelly's acid

Illustrated notes

Levels and vault maps discovered:
D:1:      matt_arrival_debris, layout_rooms, grunt_decor_fettered
D:2:      cheibrodos_fertilizer, layout_basic,
          dreamdust_ecumenical_altar_hidden_monk_grotto

Skill      XL: |  1  2  3 |
---------------+----------+-----
Axes           | 3 |  3.9
Throwing       | 2 |  2.0
Dodging        | 3 |  3.0
Fighting       | |  2.9

Action                   |  1- 3 |  4- 6 || total
-------------------------+-------+-------++-------
Melee: War axe           |   105 |    30 ||   135
       Punch             |       |     1 ||     1
Throw: Javelin           |       |     2 ||     2
Armor: Leather armour    |    37 |    11 ||    48
Dodge: Dodged            |    65 |    14 ||    79

Table legend: (Time is in decaauts)
 A = Elapsed time spent in this place.
 B = Non-inter-level travel time spent in this place.
 C = Inter-level travel time spent in this place.
 D = Time resting spent in this place.
 E = Time spent auto-exploring this place.
 F = Levels seen in this place.
 G = Mean time per level.
                   A        B        C        D        E       F      G
               +--------+--------+--------+--------+--------+-----+--------+
         Total |   1102 |   1063 |     39 |      9 |    627 |   2 |  551.0 |
       Dungeon |   1102 |   1063 |     39 |      9 |    627 |   2 |  551.0 |
               +--------+--------+--------+--------+--------+-----+--------+

Top non-repeatable levels by time:
     D:1: 606 daAuts
     D:2: 496 daAuts
